 Dungeon Crawl Stone Soup version 0.21.1 (webtiles) character file.

245 meatyocre the Cudgeler (level 5, -3/53 HPs)
             Began as a Troll Monk on Feb 4, 2018.
             Was a Believer of Trog.
             Slain by docet's ghost (6 damage)
             ... on level 4 of the Dungeon.
             The game lasted 00:05:30 (2489 turns).

meatyocre the Cudgeler (Troll Monk)                 Turns: 2489, Time: 00:05:30

Health: -3/53      AC:  6    Str: 19    XL:     5   Next: 84%
Magic:  4/4        EV: 11    Int:  6    God:    Trog [**....]
Gold:   126        SH:  0    Dex: 13    Spells: 4/4 levels left

rFire    . . .     SeeInvis .   t - +0 flail
rCold    . . .     Gourm    +   (no shield)
rNeg     . . .     Faith    .   b - +0 robe
rPois    .         Spirit   .   (helmet restricted)
rElec    .         Reflect  .   m - +0 cloak
rCorr    .         Harm     .   (gloves unavailable)
MR       .....                  (boots unavailable)
Stlth    ++........             (no amulet)
HPRegen  0.57/turn              (no ring)
MPRegen  0.09/turn              (no ring)

@: berserk cooldown, slowed, very slow
A: large, unfitting armour, claws 3, fast metabolism 3, gourmand, regeneration
1, shaggy fur 1, tough skin 2
a: Berserk, Trog's Hand, Burn Spellbooks, Renounce Religion


You were on level 4 of the Dungeon.
You worshipped Trog.
Trog was pleased with you.
You were very full.

You visited 1 branch of the dungeon, and saw 4 of its levels.

You collected 126 gold pieces.

Inventory:

Hand Weapons
 t - a +0 flail (weapon)
Missiles
 j - 11 poisoned needles
Armour
 b - a +0 robe (worn)
 m - a +0 cloak (worn)
Scrolls
 e - a scroll of remove curse
 h - a scroll of amnesia {unknown}
 i - a scroll of immolation {unknown}
 l - 2 scrolls of enchant weapon {unknown}
 n - 2 scrolls of enchant armour {unknown}
 o - 5 scrolls of identify {unknown}
 q - a scroll of blinking {unknown}
 r - 2 scrolls of fog {unknown}
 s - a scroll of magic mapping {unknown}
 u - a scroll of teleportation {unknown}
 v - a scroll of random uselessness {unknown}
Potions
 a - a potion of curing {unknown}
 d - 2 potions of heal wounds {unknown}
 f - a potion of ambrosia {unknown}
 g - 3 potions of might {unknown}
 k - a potion of flight {unknown}
 p - a potion of mutation {unknown}
 w - 2 potions of invisibility {unknown}
Comestibles
 c - 6 rations


   Skills:
 + Level 3.4 Fighting
 + Level 3.7 Maces & Flails
 + Level 2.1 Armour
 + Level 3.4 Dodging
 - Level 1.0 Stealth


You had 4 spell levels left.
You didn't know any spells.

Dungeon Overview and Level Annotations

Branches:
Dungeon (4/15)
 Temple: D:4-7

Altars:
Trog
Wu Jian

Annotations:
D:4 docet's ghost, novice TrHu


Innate Abilities, Weirdness & Mutations

You are too large for most types of armour.
You have claws for hands.
Your metabolism is lightning-fast.
You like to eat raw meat.
Your natural rate of healing is unusually fast.
You are covered in fur. (AC +1)
You have very tough skin. (AC +2)


Message History

Docet's ghost hits you!
You barely miss docet's ghost.
Docet's ghost is almost destroyed.
Docet's ghost hits you!!
* * * LOW HITPOINT WARNING * * *
You sock docet's ghost!
Docet's ghost is almost destroyed.
Docet's ghost hits you!
* * * LOW HITPOINT WARNING * * *
A worker ant zombie comes into view.
You barely miss docet's ghost.
Docet's ghost is almost destroyed.
You are no longer berserk.
You are exhausted.
You feel yourself slow down. Docet's ghost hits you.
* * * LOW HITPOINT WARNING * * *
You hit docet's ghost but do no damage.
Docet's ghost is almost destroyed.
Docet's ghost hits you.
You die...

#......# #......+ ##
......# ... .....
..%.....##.#.# ..#
........##.#.# ..#
.(...........##..#
.........#..@WZ..# .
....?....#..###.####..
.........#..###.......
.........#............
#.....<........##
#...............#
........####.....#
......... #......+
....#>### #......#


You could see docet's ghost and a worker ant zombie.

Vanquished Creatures
  An ogre (D:3)
  2 orc priests (D:3)
  A hound skeleton (D:4)
  2 adders
  A worm (D:3)
  3 dart slugs (D:1)
  4 leopard geckos
  8 orcs (D:3)
  2 ball pythons (D:1)
  A giant cockroach (D:2)
  3 goblins
  9 hobgoblins
  6 kobolds (D:1)
  2 bats
  3 frilled lizards
  5 rats
53 creatures vanquished.

Notes
Turn   | Place    | Note
-------+----------+-------------------------------------------
     0 | D:1      | meatyocre the Troll Monk began the quest for the Orb.
     0 | D:1      | Reached XP level 1. HP: 22/22 MP: 0/0
    97 | D:1      | Reached XP level 2. HP: 25/29 MP: 1/1
   709 | D:2      | Reached XP level 3. HP: 33/36 MP: 2/2
   765 | D:2      | Reached skill level 1 in Armour
  1358 | D:2      | Found a bloodstained altar of Trog.
  1477 | D:2      | Became a worshipper of Trog the Wrathful
  1477 | D:2      | Reached * piety under Trog
  1477 | D:2      | Reached ** piety under Trog
  1663 | D:3      | Noticed an ogre
  1666 | D:3      | HP: 2/54 [ogre/giant club (17)]
  1668 | D:3      | Killed an ogre
  1668 | D:3      | Reached XP level 4. HP: 4/45 MP: 3/3
  1668 | D:3      | Reached XP level 5. HP: 4/53 MP: 4/4
  2047 | D:3      | Found an ornate altar of the Wu Jian Council.
  2471 | D:4      | Noticed docet's ghost (novice TrHu)
  2488 | D:4      | HP: 2/53 [docet's ghost (5)]
  2489 | D:4      | Slain by docet's ghost

Skill      XL: |  1  2  3  4  5 |
---------------+----------------+-----
Maces & Flails | 3 |  3.7
Armour         | 1 2 |  2.1
Fighting       | 3 |  3.4
Dodging        | 3 |  3.4
Stealth        | |  1.0

Action                   |  1- 3 |  4- 6 || total
-------------------------+-------+-------++-------
Melee: Mace              |   102 |       ||   102
       Flail             |     7 |    61 ||    68
Invok: Berserk           |     1 |     2 ||     3
  Use: Scroll            |     1 |       ||     1
 Stab: Sleeping          |     2 |     1 ||     3
  Eat: Chunk             |    21 |     9 ||    30
Armor: Robe              |    32 |    16 ||    48
Dodge: Dodged            |    68 |    34 ||   102
